 Dungeon Crawl Stone Soup version 0.19.0-11-g3fc08b3 (webtiles) character file.

25 Chiseanne the Magician (level 2, -3/19 HPs)
             Began as a Demonspawn Wizard on Nov 9, 2016.
             Slain by Terence
             ... wielding a +0 falchion
              (6 damage)
             ... on level 1 of the Dungeon.
             The game lasted 00:01:47 (1317 turns).

Chiseanne the Magician (Demonspawn Wizard)          Turns: 1317, Time: 00:01:48

Health: -3/19      AC:  4    Str:  7    XL:     2   Next: 86%
Magic:  1/6        EV: 12    Int: 19    God:
Gold:   73         SH:  0    Dex: 11    Spells: 1 memorised, 6 levels left

rFire  . . .     SeeInvis .     h - +0 short sword
rCold  . . .     Gourm    .     a - +0 robe
rNeg   . . .     Faith    .     (no shield)
rPois  .         Spirit   .     b - +0 hat
rElec  .         Reflect  .     (no cloak)
rCorr  .         Harm     .     (no gloves)
MR     .....                    (no boots)
Stlth  ++........               (no amulet)
                                (no ring)
                                (no ring)

@: very slightly contaminated, invisible
A: slimy green scales 1
a: no special abilities


You were on level 1 of the Dungeon.
You were not hungry.

You visited 1 branch of the dungeon, and saw 2 of its levels.

You collected 73 gold pieces.

Inventory:

Hand Weapons
 h - a +0 short sword (weapon)
Missiles
 g - 5 stones (quivered)
 j - 44 sling bullets
 p - 4 needles of sleeping
 r - 5 poisoned needles
 s - 13 arrows
 t - 22 bolts
Armour
 a - a +0 robe (worn)
 b - a +0 hat (worn)
Scrolls
 e - 2 scrolls of teleportation {unknown}
 f - 2 scrolls of remove curse {unknown}
 o - a scroll of random uselessness {unknown}
Potions
 l - a potion of haste {unknown}
 n - a potion of lignification {unknown}
 q - a potion of cancellation {unknown}
Books
 c - a book of Minor Magic

   Spells                             Type                      Level
   a - Magic Dart                     Conjuration                  1
   b - Blink                          Translocation                2
   c - Call Imp                       Summoning                    2
   d - Repel Missiles                 Charms/Air                   2
   e - Slow                           Hexes                        2
   f - Conjure Flame                  Conjuration/Fire             3
   g - Mephitic Cloud                 Conjuration/Poison/Air       3
Comestibles
 d - 2 bread rations
 k - a meat ration
 m - a beef jerky
 u - a chunk of flesh


   Skills:
 - Level 1.7 Dodging
 - Level 1.7 Stealth
 * Level 3.4 Spellcasting
 * Level 2.2 Conjurations
   Level 1.0 Summonings
   Level 0.8 Translocations


You had 6 spell levels left.
You knew the following spells:

 Your Spells              Type           Power        Failure   Level  Hunger
a - Magic Dart            Conj           ##..         8%          1    None


Dungeon Overview and Level Annotations

Branches:
Dungeon (2/15)

Altars:

Annotations:
D:1 Terence


Innate Abilities, Weirdness & Mutations

You are partially covered in slimy green scales. (AC +2)


Message History

Terence is almost dead.
You flicker for a moment.
Terence barely misses you. Terence closely misses you.
You hit Terence.
Terence is almost dead.
Terence closely misses you.
You hit Terence but do no damage.
Terence is almost dead.
Terence closely misses you.
You hit Terence but do no damage.
Terence is almost dead.
You completely miss Terence.
Terence is almost dead.
You flicker back into view.
Terence shouts!
Terence closely misses you.
You fade into invisibility!
Terence hits you with a falchion.
You die...

# #.#.######...########..#.##....
# #.#.# #...# #........[. ###.#.#
#...# #..####.### ......#
#...########.).....###
###.########.>.......###.###.....
....# #........#####.# #.###....#
##### #.####.#.#####.# #.#.......
#.##...#.@..##.# #.#.......
#######.##.#####@.##.# #.........
#....^..##...#....##.# #####....#
#.#####.####.#.......# #.....
#.'..#..........#.#### ######
###).##..#.##.#.#.######
#####...#.##..........#
#.##.#.......#.#.####.#
#......##......### #.#
####.#####....)# ####.#


You could see Terence.

Vanquished Creatures
  An ooze (D:1)
  2 dart slugs
  2 bats (D:1)
  3 goblins (D:1)
  4 kobolds (D:1)
  3 frilled lizards (D:1)
  2 rats (D:1)
17 creatures vanquished.

Notes
Turn   | Place    | Note
-------+----------+-------------------------------------------
     0 | D:1      | Chiseanne the Demonspawn Wizard began the quest for the Orb.
     0 | D:1      | Reached XP level 1. HP: 13/13 MP: 4/4
   466 | D:1      | Gained mutation: You are partially covered in slimy green scales. (AC +2) [demonic ancestry]
   466 | D:1      | Reached XP level 2. HP: 19/19 MP: 4/6
  1221 | D:2      | Noticed Terence
  1317 | D:1      | Slain by Terence

Skill      XL: |  1  2 |
---------------+-------+-----
Conjurations   | 2 |  2.2
Dodging        | |  1.7
Stealth        | |  1.7
Spellcasting   | |  3.4
Summonings     | |  1.0
Translocations | |  0.8

Action                   || total
-------------------------++-------
Melee: Unarmed           ||     5
       Short sword       ||    18
 Cast: Magic Dart        ||    47
  Use: Potion            ||     2
 Stab: Invisible         ||     3
  Eat: Chunk             ||     1
Armor: Robe              ||     2
Dodge: Dodged            ||    19
